 Dungeon Crawl Stone Soup version 0.27-a0-34-gc18c9092ac (webtiles) character file.

Game seed: 3077683867987438311

50781 robertstho the Severer (level 14, -2/133 HPs)
             Began as a Minotaur Berserker on Jan 4, 2021.
             Was the Champion of Trog.
             Slain by a death yak (8 damage)
             ... on level 6 of the Lair of Beasts.
             The game lasted 00:29:48 (19184 turns).

robertstho the Severer (Minotaur Berserker)        Turns: 19184, Time: 00:29:48

Health: -2/133     AC:  0    Str: 27    XL:     14   Next: 21%
Magic:  13/13      EV: 16    Int:  5    God:    Trog [******]
Gold:   469        SH:  5    Dex:  9    Spells: 13/13 levels left

rFire    . . .     SeeInvis .   (weapon currently unavailable)
rCold    . . .     Faith    .   (shield currently unavailable)
rNeg     . . .     Spirit   .   (armour currently unavailable)
rPois    .         Reflect  +   (helmet currently unavailable)
rElec    .         Harm     .   (cloak currently unavailable)
rCorr    .         Rampage  .   (gloves currently unavailable)
Will     +....                  (boots currently unavailable)
Stlth    +.........             h - amulet of reflection
HPRegen  0.32/turn              (ring currently unavailable)
MPRegen  0.13/turn              (ring currently unavailable)

@: about to teleport, pig-form, very quick
A: small, (retaliatory headbutt)
a: Renounce Religion, Berserk, Trog's Hand, Brothers in Arms


You were on level 6 of the Lair of Beasts.
You worshipped Trog.
Trog was exalted by your worship.
You were a filthy swine.
You visited 3 branches of the dungeon, and saw 21 of its levels.

You collected 2237 gold pieces.
You spent 1768 gold pieces at shops.

Inventory:

Hand Weapons
 m - a +2 broad axe of flaming (melded)
 M - a +5 war axe of electrocution
Missiles
 c - 21 poisoned darts
Armour
 a - a +2 plate armour of poison resistance (melded)
 z - the +5 plate armour "Xefus" {+Inv Str+2}
   (You bought it in a shop on level 1 of the Orcish Mines)

   It affects your strength (+2).
   It lets you turn invisible.
 E - a +0 pair of gloves (melded)
 N - a +2 pair of boots (melded)
 T - a +2 cloak of preservation (melded)
Jewellery
 h - an amulet of reflection (around neck)
 i - an uncursed ring of protection from cold
 o - an uncursed ring of protection from fire
 r - the ring of Heagaph {+Inv Will+ Str-2 Stlth+}
   (You found it on level 9 of the Dungeon)

   [ring of stealth]

   It affects your strength (-2).
   It affects your willpower, your defense against some magical effects.
   It lets you turn invisible.
   It makes you more stealthy.
 t - a +6 ring of strength (melded)
 A - an uncursed amulet of the acrobat
 D - an uncursed ring of flight
 O - an uncursed ring of see invisible
 P - the ring of Vehumet's Indignation (melded) {rF+ rN+ AC+4}
   (You found it on level 9 of the Dungeon)

   [ring of protection]

   It affects your AC (+4).
   It protects you from fire.
   It protects you from negative energy.
 U - a cursed -4 ring of evasion {unknown}
 V - a +6 ring of dexterity
Wands
 b - a wand of disintegration (26)
 f - a wand of flame (40)
 y - a wand of polymorph (6)
 J - a wand of iceblast (28)
 K - a wand of digging (5)
Scrolls
 d - 6 scrolls of remove curse
 e - 8 scrolls of teleportation
 j - a scroll of enchant armour
 q - 6 scrolls of fear
 s - 2 scrolls of enchant weapon
 x - 2 scrolls of immolation
 G - a scroll of magic mapping {unknown}
 S - a scroll of summoning
 W - a scroll of fog
 X - a scroll of identify
 Y - a scroll of acquirement {unknown}
 Z - a scroll of blinking
Potions
 g - 3 potions of haste
 k - a potion of degeneration {unknown}
 l - 3 potions of mutation
 n - 3 potions of might
 p - a potion of invisibility
 u - 6 potions of heal wounds
 v - 2 potions of ambrosia
 w - 3 potions of lignification
 B - a potion of flight
 C - 7 potions of curing
 F - 2 potions of cancellation
 H - a potion of attraction
 I - 3 potions of resistance
 L - 2 potions of berserk rage
 R - 2 potions of magic
Miscellaneous
 Q - a box of beasts


   Skills:
 * Level 14.8 Fighting
 + Level 17.2(17.3) Axes
 + Level 1.7(11.8) Maces & Flails
 * Level 15.5 Armour
 + Level 4.3 Dodging
 + Level 1.5 Stealth
 + Level 7.9 Shields


You had 13 spell levels left.
You didn't know any spells.
Your spell library was empty.

Dungeon Overview and Level Annotations

Branches:
Dungeon (13/15)            Temple (0/1) D:7            Lair (5/6) D:11
 Shoals (0/4) Lair:4        Snake (0/4) Lair:3          Orc (2/2) D:11
    Elf (0/3) Orc:2
  Slime: Lair:5-6    Vaults: D:13-14

Altars:
Ashenzari
Cheibriados
Elyvilon
Fedhas
Makhleb
Sif Muna
Trog
Uskayaw
Vehumet
Wu Jian
Xom
Yredelemnul

Shops:
D:4 =?*   D:8 (   D:10 [   D:11 [   Orc:1 ([   Orc:2 (=:*

Annotations:
D:3 Blork the orc
D:4 Scroll shop
Lair:6 Kirke


Innate Abilities, Weirdness & Mutations

((You reflexively headbutt those who attack you in melee.))
((You have a pair of horns on your head.))


Message History

The hog bites you! You block the death yak's attack.
Unknown command.
You closely miss something.
You hear some strange, mumbled words.
Something tries to affect you, but you resist.
You block the death yak's attack. The hog bites you!
You block the death yak's attack.
Unknown command.
You miss something. The hog closely misses you. The death yak gores you!
* * * LOW HITPOINT WARNING * * *
Something hits you.
* * * LOW HITPOINT WARNING * * *
The death yak gores you!!
* * * LOW HITPOINT WARNING * * *
The hog bites you.
* * * LOW HITPOINT WARNING * * *
You feel much better. The hog misses you. The death yak gores you!
* * * LOW HITPOINT WARNING * * *
The hog completely misses you. The death yak gores you!
You die...

# .### ...8 ...
##. #####Y##
#....#hYYSY.#.##
#...hhYYYY...#
#...{####...#.
##### ..# #


You could see 4 death yaks, a black mamba, 4 yaks and 2 hogs.

Vanquished Creatures
  An orc warlord (Orc:1)
  3 ettins
  9 hydras
  A boulder beetle (D:12)
  A centaur warrior (Orc:2)
  A two-headed ogre (D:8)
  A dancing weapon (D:9)
  Erica (D:11)
  6 death yaks (Lair:4)
  Urug (Lair:3)
  The ghost of tinescath the Thaumaturge, a novice DEFE of Vehumet (D:9)
  An unseen horror (D:12)
  2 orc knights (Orc:2)
  An orc sorcerer (Orc:1)
  An ugly thing (D:6)
  4 oklob plants
  A merfolk siren (Lair:4)
  Maurice (D:11)
  A black mamba (Lair:2)
  9 cane toads
  Maggie (Lair:2)
  A rime drake (Lair:4)
  8 komodo dragons
  2 ice devils (Lair:1)
  2 trolls
  3 meliai (D:11)
  A tengu conjurer (D:13)
  A polar bear (Lair:3)
  11 dream sheep
  5 blink frogs (Lair:3)
  A meliai zombie (D:11)
  5 wraiths
  Sigmund (D:6)
  19 yaks
  Grum (D:11)
  A basilisk (Lair:1)
  3 wyverns
  A hog (Lair:6)
  2 steam dragons
  3 wargs
  Edmund (D:6)
  A naga (Lair:3)
  7 water moccasins
  5 ice beasts
  30 orc warriors
  A hornet zombie (D:8)
  A sky beast (D:8)
  2 black bears
  3 phantoms
  An eye of draining (D:10)
  5 wolves
  12 ogres
  19 centaurs
  A big kobold (D:7)
  15 bullfrogs
  A wyvern zombie (D:12)
  2 wyvern skeletons
  3 scorpions
  5 wights
  11 killer bees
  4 howler monkeys
  6 human zombies (D:9)
  2 quasits
  7 hounds
  4 jellies
  A bullfrog skeleton (D:7)
  2 centaur skeletons
  8 orc priests
  19 orc wizards
  5 iguanas
  12 worker ants
  A hound skeleton (D:6)
  A hound zombie (D:5)
  3 mummies (D:9)
  3 gnolls (Orc:1)
  11 adders
  A howler monkey skeleton (D:10)
  3 shadow imps
  A white imp (D:6)
  4 ufetubi
  2 oozes
  2 adder zombies (D:8)
  2 worms (D:2)
  6 leopard geckos
  78 orcs
  A giant cockroach (D:1)
  5 goblins
  A hobgoblin (D:3)
  16 jackals
  3 quokkas
  4 bats
  3 frilled lizards
  2 jackal skeletons (D:6)
  14 kobolds
  A quokka zombie (D:6)
  3 rats
486 creatures vanquished.

Vanquished Creatures (collateral kills)
  An orc knight (Orc:2)
  14 orc warriors (Orc:2)
  A centaur (Orc:2)
  An orc priest (Orc:2)
  An orc wizard (Orc:2)
  3 orcs (Orc:2)
21 creatures vanquished.

Vanquished Creatures (others)
  A bush (D:7)
  16 fungi
  20 plants
37 creatures vanquished.

Grand Total: 544 creatures vanquished

Notes
Turn   | Place    | Note
-------+----------+-------------------------------------------
     0 | D:1      | robertstho the Minotaur Berserker began the quest for the
                  | Orb.
     0 | D:1      | Reached XP level 1. HP: 19/19 MP: 0/0
   130 | D:1      | Reached XP level 2. HP: 25/27 MP: 1/1
   392 | D:1      | Reached skill level 4 in Axes
   821 | D:2      | Reached XP level 3. HP: 29/33 MP: 2/2
   973 | D:2      | Reached ** piety under Trog
  1321 | D:3      | Found a broken altar of Ashenzari.
  1326 | D:3      | Found an ornate altar of the Wu Jian Council.
  1815 | D:3      | Reached XP level 4. HP: 41/41 MP: 3/3
  2462 | D:3      | Noticed Blork the orc
  2470 | D:3      | Found a shimmering blue altar of Sif Muna.
  2878 | D:4      | Found Iciumi's Magic Scroll Shoppe.
  2885 | D:4      | Bought a scroll of fear for 45 gold pieces
  2885 | D:4      | Bought a scroll of identify for 26 gold pieces
  2885 | D:4      | Bought a scroll of identify for 26 gold pieces
  2956 | D:4      | Found a radiant altar of Vehumet.
  3037 | D:4      | Found Nagaclel's General Store.
  3038 | D:4      | Found a hide-covered altar of Uskayaw.
  3045 | D:4      | Reached skill level 1 in Shields
  3045 | D:4      | Reached XP level 5. HP: 47/47 MP: 4/4
  3063 | D:4      | Noticed a +0 hand axe
  3063 | D:4      | Noticed a +0 dagger
  3142 | D:4      | Found Ikaebud's Jewellery Shoppe.
  3181 | D:4      | Reached skill level 5 in Fighting
  3181 | D:4      | Reached skill level 5 in Axes
  3509 | D:4      | Noticed an ogre
  3516 | D:4      | Killed an ogre
  3517 | D:4      | Reached XP level 6. HP: 41/56 MP: 5/5
  3905 | D:5      | Entered Level 5 of the Dungeon
  4745 | D:5      | Reached skill level 5 in Armour
  4886 | D:6      | Noticed Edmund
  4903 | D:6      | Killed Edmund
  4904 | D:6      | Reached XP level 7. HP: 62/62 MP: 6/6
  5024 | D:6      | Noticed Sigmund
  5029 | D:6      | Killed Sigmund
  5034 | D:6      | Reached skill level 6 in Axes
  5087 | D:6      | Reached XP level 8. HP: 71/71 MP: 7/7
  5342 | D:6      | Noticed a green ugly thing
  5352 | D:6      | Killed a green ugly thing
  5353 | D:6      | Reached skill level 7 in Axes
  5750 | D:6      | Found a snail-covered altar of Cheibriados.
  6091 | D:7      | Reached XP level 9. HP: 80/80 MP: 8/8
  6169 | D:7      | Reached *** piety under Trog
  6338 | D:7      | Reached skill level 1 in Stealth
  6339 | D:7      | Reached skill level 8 in Axes
  6706 | D:7      | Found a staircase to the Ecumenical Temple.
  6922 | D:7      | Found a blossoming altar of Fedhas.
  7246 | D:8      | Reached skill level 10 in Armour
  7518 | D:8      | Noticed a two-headed ogre
  7523 | D:8      | Killed a two-headed ogre
  7524 | D:8      | Reached skill level 9 in Axes
  7730 | D:8      | Found Irpheynn's Antique Weapon Boutique.
  7733 | D:8      | Reached XP level 10. HP: 90/90 MP: 9/9
  7740 | D:8      | Bought a glowing war axe for 188 gold pieces
  8019 | D:8      | Reached **** piety under Trog
  8251 | D:9      | Reached skill level 10 in Axes
  8280 | D:9      | Found a basalt altar of Yredelemnul.
  8356 | D:9      | Found a burning altar of Makhleb.
  8576 | D:9      | Got a serpentine steel ring
  8634 | D:9      | Identified the ring of Heagaph {+Inv Will+ Str-2 Stlth+}
                  | (You found it on level 9 of the Dungeon)
  8775 | D:9      | Found a runed translucent door.
  8775 | D:9      | Found a shimmering altar of Xom.
  8775 | D:9      | Noticed a +2 rapier of chaos
  8775 | D:9      | Noticed tinescath's ghost (novice DEFE)
  8972 | D:9      | Killed a +2 rapier of chaos
  8977 | D:9      | Killed tinescath's ghost
  8978 | D:9      | Reached skill level 11 in Axes
  8982 | D:9      | Got a bound bone ring
  8986 | D:9      | Identified the ring of Vehumet's Indignation {rF+ rN+ AC+4}
                  | (You found it on level 9 of the Dungeon)
  9024 | D:10     | Entered Level 10 of the Dungeon
  9079 | D:10     | Reached skill level 5 in Shields
  9330 | D:10     | Reached skill level 10 in Fighting
  9702 | D:10     | Found Vabymp's Armour Shop.
  9713 | D:10     | Reached XP level 11. HP: 99/99 MP: 0/10
 10050 | D:11     | Found a staircase to the Lair.
 10072 | D:11     | Reached skill level 12 in Axes
 10469 | D:11     | Found a staircase to the Orcish Mines.
 10478 | D:11     | Reached ***** piety under Trog
 10480 | D:11     | Found Cuock's Armour Emporium.
 10505 | D:11     | Bought a +2 cloak of preservation for 279 gold pieces
 10599 | D:11     | Noticed Grum
 10608 | D:11     | Killed Grum
 10637 | D:11     | Noticed Erica
 10649 | D:11     | Killed Erica
 11180 | D:11     | Noticed Maurice
 11199 | D:11     | Killed Maurice
 11427 | D:12     | Noticed a five-headed hydra
 11430 | D:12     | Reached skill level 13 in Axes
 11430 | D:12     | Found a white marble altar of Elyvilon.
 11438 | D:12     | Killed a five-headed hydra
 11451 | D:12     | Killed an unseen horror
 11622 | D:12     | Found a hide-covered altar of Uskayaw.
 11622 | D:12     | Noticed an ettin
 11622 | D:12     | Noticed an ettin
 11627 | D:12     | Killed an ettin
 11627 | D:12     | Killed an ettin
 11628 | D:12     | Reached skill level 1 in Maces & Flails
 11735 | D:12     | Noticed a boulder beetle
 11746 | D:12     | Killed a boulder beetle
 11818 | D:12     | Reached XP level 12. HP: 97/110 MP: 11/11
 12239 | D:12     | Received a gift from Trog
 12750 | Orc:1    | Entered Level 1 of the Orcish Mines
 12752 | Orc:1    | Noticed an orc warlord
 12766 | Orc:1    | Killed an orc warlord
 12769 | Orc:1    | Reached skill level 14 in Axes
 12907 | Orc:1    | Noticed an ettin
 12914 | Orc:1    | Killed an ettin
 13112 | Orc:1    | Found Fiekum's Antique Armour Shop.
 13200 | Orc:2    | Entered Level 2 of the Orcish Mines
 13383 | Orc:2    | Noticed a centaur warrior
 13390 | Orc:2    | Killed a centaur warrior
 13459 | Orc:2    | Reached skill level 15 in Axes
 14020 | Orc:2    | Found a staircase to the Elven Halls.
 14083 | Orc:2    | Found Zaevuet's Jewellery Shoppe.
 14083 | Orc:2    | Found Xarheqotao's Book Boutique.
 14085 | Orc:2    | Found Daenump's General Store.
 14087 | Orc:2    | Found Kaec's Weapon Emporium.
 14094 | Orc:2    | Bought a potion of heal wounds for 70 gold pieces
 14094 | Orc:2    | Bought a scroll of enchant armour for 105 gold pieces
 14094 | Orc:2    | Bought a scroll of vulnerability for 105 gold pieces
 14319 | Orc:1    | Found Zeg Ydey's Weapon Shoppe.
 14526 | Orc:1    | Bought a polished plate armour for 924 gold pieces
 14536 | Orc:1    | Identified the +5 plate armour "Xefus" {+Inv Str+2} (You
                  | bought it in a shop on level 1 of the Orcish Mines)
 14623 | Lair:1   | Entered Level 1 of the Lair of Beasts
 14659 | Lair:1   | Reached ****** piety under Trog
 14659 | Lair:1   | Received a gift from Trog
 14669 | Lair:1   | Noticed a seven-headed hydra
 14678 | Lair:1   | Killed a two-headed hydra
 14679 | Lair:1   | Reached XP level 13. HP: 76/122 MP: 12/12
 16441 | Lair:2   | Reached skill level 16 in Axes
 16563 | Lair:2   | Noticed Maggie
 16573 | Lair:2   | Killed Maggie
 16764 | Lair:3   | Found a bloodstained altar of Trog.
 16934 | Lair:3   | Reached skill level 15 in Armour
 17008 | Lair:3   | Found a staircase to the Snake Pit.
 17323 | Lair:3   | Noticed Urug
 17337 | Lair:3   | Killed Urug
 17680 | Lair:4   | Received a gift from Trog
 18012 | Lair:4   | Found a staircase to the Shoals.
 18248 | Lair:4   | Reached XP level 14. HP: 133/133 MP: 13/13
 18249 | Lair:4   | Reached skill level 17 in Axes
 19169 | Lair:5   | You fall into a shaft and drop 1 floor!
 19169 | Lair:6   | Entered Level 6 of the Lair of Beasts
 19169 | Lair:6   | Noticed Kirke
 19183 | Lair:6   | HP: 4/133 [death yak (27)]
 19184 | Lair:6   | Slain by a death yak

Illustrated notes

Levels and vault maps discovered:
D:1:      saegor_arrival_simple_e, layout_loops_cross
D:2:      layout_basic
D:3:      layout_basic, minitemple, tgw_sif
D:4:      layout_basic, vehumet_crystals, dancing_weapons_uskayaw, serial_shops,
          shop_fountains, nicolae_shop_statue_plus, nicolae_shop_crystal
D:5:      layout_gridville, grunt_ministairs_1
D:6:      layout_gridville, marbit_many_paths, minmay_alternating_orb,
          uniq_sigmund, uniq_edmund
D:7:      layout_loops_corners, fedhas_bush_and_centaur_altar,
          minmay_temple_entry_statues_fountains, grunt_ogre_cave
D:8:      layout_loops_ring, serial_shops, shop
D:9:      layout_long_grid, basic_altar, ebering_ghost_xom,
          lemuel_mausoleum_altar_yredelemnul
D:10:     layout_long_grid, serial_shops, shop
D:11:     layout_gridville, lair_entry_dummy, orc_david_3, minivault_19,
          nicolae_twisting_strands, uniq_grum, uniq_erica, uniq_maurice
D:12:     layout_basic, enter_bailey_2, grunt_decor_cap, jmf_multi_god_temple
D:13:     layout_gridville
Lair:1:   layout_cave_pods, portal_ice_cave_demonic_guard,
          grunt_forest_large_clearing_hut, grunt_megastairs_1
Lair:2:   layout_concentric_octagons, minmay_lair_oklob_chamber, uniq_maggie
Lair:3:   layout_regular_city, guppyfry_snake_entry_garden, basic_altar,
          serial_bayou_shore_b, uniq_urug
Lair:4:   layout_cave_pods, minmay_shoals_entry_lonely_mermaid
Lair:5:   layout_cave_pods
Lair:6:   grunt_lair_end_beastmaster, layout_concentric_octagons,
          minmay_slime_entry_pillars, special_room [special_room_jelly],
          grunt_megastairs_5, uniq_kirke
Orc:1:    layout_diamond_mine, serial_shops, shop, nicolae_shop_waterfront
Orc:2:    st_orc_rangers, layout_caves

Skill      XL: |  1  2  3  4  5  6  7  8  9 10 11 12 13 14 |
---------------+-------------------------------------------+-----
Fighting       | 4 5 6 7 8 10 11 13 14 | 14.8
Axes           | 4 5 6 7 9 11 13 15 16 17 | 17.2
Armour         | 3 5 7 8 10 11 13 14 15 | 15.5
Dodging        | 3 4 |  4.3
Shields        | 1 2 3 4 5 6 7 |  7.9
Stealth        | 1 |  1.5
Maces & Flails | 1 |  1.7

Action                   |  1- 3 |  4- 6 |  7- 9 | 10-12 | 13-15 || total
-------------------------+-------+-------+-------+-------+-------++-------
Melee: Hand axe          |    80 |   101 |    44 |       |       ||   225
       Headbutt          |    10 |    11 |    40 |    87 |    63 ||   211
       Battleaxe         |       |       |   134 |       |       ||   134
       War axe           |       |       |       |   266 |       ||   266
       Flail             |       |       |       |     9 |       ||     9
       Broad axe         |       |       |       |   187 |   250 ||   437
       Unarmed           |       |       |       |       |     5 ||     5
Invok: Berserk           |     1 |     2 |     5 |     9 |     3 ||    20
       Trog's Hand       |       |       |       |     2 |       ||     2
       Brothers in Arms  |       |       |       |     2 |       ||     2
  Use: Potion            |     3 |       |       |     2 |     1 ||     6
       Scroll            |     2 |       |       |    19 |     5 ||    26
Armor: Animal skin       |    19 |     4 |       |       |       ||    23
       Scale mail        |       |    22 |       |       |       ||    22
       Skin              |       |     3 |       |       |       ||     3
       Chain mail        |       |       |    40 |       |       ||    40
       Plate armour      |       |       |    37 |   321 |   141 ||   499
Dodge: Dodged            |    62 |    37 |    72 |   231 |    93 ||   495
Block: Other             |    21 |    20 |    43 |   136 |    61 ||   281
       Reflection        |     1 |       |     1 |    25 |       ||    27

Table legend: (Time is in decaauts)
 A = Elapsed time spent in this place.
 B = Non-inter-level travel time spent in this place.
 C = Inter-level travel time spent in this place.
 D = Time resting spent in this place.
 E = Time spent auto-exploring this place.
 F = Levels seen in this place.
 G = Mean time per level.
                   A        B        C        D        E       F      G
               +--------+--------+--------+--------+--------+-----+--------+
         Total |  19322 |  18059 |   1263 |    474 |  14933 |  21 |  920.1 |
       Dungeon |  12975 |  11968 |   1007 |    474 |   9874 |  13 |  998.1 |
          Lair |   4562 |   4464 |     98 |      0 |   3963 |   6 |  760.3 |
  Orcish Mines |   1783 |   1625 |    158 |      0 |   1095 |   2 |  891.5 |
               +--------+--------+--------+--------+--------+-----+--------+

Top non-repeatable levels by time:
     D:3: 1544 daAuts
    D:11: 1492 daAuts
     D:7: 1248 daAuts
     D:6: 1215 daAuts
  Lair:1: 1211 daAuts
     D:4: 1118 daAuts
    D:12: 1099 daAuts
     D:8: 1098 daAuts
  Lair:4: 1028 daAuts
     D:5: 1018 daAuts
   Orc:2: 1017 daAuts
    D:10: 971 daAuts
  Lair:2: 907 daAuts
     D:9: 864 daAuts
   Orc:1: 766 daAuts
